 Dungeon Crawl Stone Soup version 0.25.1-2-g60ff931df9 (webtiles) character file.

Game seed: 6345525526674718581

310 ubername the Cudgeler (level 6, 0/56 HPs)
             Began as a Minotaur Berserker on Nov 29, 2020.
             Was a Priest of Trog.
             Succumbed to a gnoll's poison
             ... on level 3 of the Dungeon.
             The game lasted 00:04:36 (2681 turns).

ubername the Cudgeler (Minotaur Berserker)          Turns: 2681, Time: 00:04:37

Health: 0/56       AC:  7    Str: 23    XL:     6   Next: 17%
Magic:  5/5        EV: 12    Int:  5    God:    Trog [***...]
Gold:   100        SH:  0    Dex:  9    Spells: 5/5 levels left

rFire    . . .     SeeInvis .   a - +0 mace
rCold    . . .     Gourm    .   (no shield)
rNeg     . . .     Faith    .   n - +1 ring mail
rPois    .         Spirit   .   (helmet restricted)
rElec    .         Reflect  .   (no cloak)
rCorr    .         Harm     .   f - +0 pair of gloves
MR       .....                  (no boots)
Stlth    ..........             (no amulet)
HPRegen  0.18/turn              (no ring)
MPRegen  0.09/turn              (no ring)

@: lethally poisoned (0 -> -31), hasted, very quick
A: retaliatory headbutt, horns 2
a: Berserk, Trog's Hand, Renounce Religion


You were on level 3 of the Dungeon.
You worshipped Trog.
Trog was most pleased with you.
You were not hungry.

You visited 1 branch of the dungeon, and saw 4 of its levels.

You collected 100 gold pieces.

Inventory:

Hand Weapons
 a - a +0 mace (weapon)
Missiles
 e - 4 curare-tipped darts (quivered)
 g - 7 poisoned darts
Armour
 f - a +0 pair of gloves (worn)
 n - a +1 ring mail (worn)
Wands
 d - a wand of polymorph (9)
Scrolls
 h - 2 scrolls of enchant weapon
 k - a scroll of teleportation
 p - a scroll of magic mapping {unknown}
 r - a scroll of random uselessness {unknown}
Potions
 l - a potion of brilliance {unknown}
 m - a potion of flight {unknown}
 o - 3 potions of ambrosia {unknown}
 q - a potion of curing {unknown}
Comestibles
 b - 4 chunks of flesh
 c - 5 rations


   Skills:
 + Level 5.3 Fighting
 + Level 6.2 Maces & Flails
 + Level 3.5 Armour
 + Level 3.3 Dodging
 + Level 0.3 Stealth


You had 5 spell levels left.
You didn't know any spells.
Your spell library was empty.

Dungeon Overview and Level Annotations

Branches:
Dungeon (4/15)
 Temple: D:4-7

Altars:
Makhleb
Nemelex Xobeh
Sif Muna


Innate Abilities, Weirdness & Mutations

You reflexively headbutt those who attack you in melee.
You have a pair of horns on your head.


Message History

You feel very sick.
There is a stone staircase leading down here.
You barely miss the gnoll.
The gnoll is severely wounded.
* * * LOW HITPOINT WARNING * * *
You feel sick. The gnoll barely misses you. The gnoll shaman barely misses you.
The gnoll hits you but does no damage.
You are more poisoned.
You closely miss the gnoll.
The gnoll is severely wounded.
* * * LOW HITPOINT WARNING * * *
You feel very sick. The gnoll hits you.
* * * LOW HITPOINT WARNING * * *
The gnoll shaman hits you with a +0 whip.
* * * LOW HITPOINT WARNING * * *
The gnoll hits you but does no damage.
You are more poisoned.
It was a potion of haste.
You feel yourself speed up.
You die...

#.###.#.#.###.#.#####..##########
.## #[#.#.# #.#.##......######
#####.....# #...<<...........# #
#......## ###.........#.##.#
#.###..# #####.##..#.##.#
#.###..# #............#.#
#.#....# ###.###.###.#..#.#
#.#.##.# #...(.#.###.#..#.#
#......# #...@g#..........#
###.#### #..gg.#......#.###
#.#.## #.....#.####....## #..#.##
#.....#.####.....## #...#.#
#######.##........# ##...##
#.##.#.....##
##.###########.##.#....##
#.##.<.....##......#.##
##.##.#####.#####.#####


You could see a gnoll shaman and 2 gnolls.

Vanquished Creatures
  An ice beast (D:3)
  An orc priest (D:3)
  3 gnolls (D:3)
  10 adders
  An adder skeleton (D:3)
  2 worms (D:2)
  3 leopard geckos (D:2)
  4 orcs (D:3)
  2 ball pythons
  7 bats
  2 giant cockroaches (D:3)
  7 goblins
  6 hobgoblins
  5 kobolds
  2 quokkas (D:2)
  2 frilled lizards
  A leopard gecko skeleton (D:3)
  8 rats
67 creatures vanquished.

Notes
Turn   | Place    | Note
-------+----------+-------------------------------------------
     0 | D:1      | ubername the Minotaur Berserker began the quest for the
                  | Orb.
     0 | D:1      | Reached XP level 1. HP: 19/19 MP: 0/0
   342 | D:1      | Reached skill level 4 in Maces & Flails
   342 | D:1      | Reached XP level 2. HP: 25/27 MP: 1/1
   868 | D:2      | Reached XP level 3. HP: 33/33 MP: 2/2
   909 | D:2      | Reached ** piety under Trog
  1143 | D:2      | Found a burning altar of Makhleb.
  1143 | D:2      | Noticed a cacodemon
  1178 | D:2      | Found a sparkling altar of Nemelex Xobeh.
  1285 | D:3      | Reached XP level 4. HP: 35/41 MP: 3/3
  1367 | D:3      | Reached skill level 5 in Maces & Flails
  1923 | D:3      | Found a shimmering blue altar of Sif Muna.
  1944 | D:3      | Reached skill level 5 in Fighting
  1989 | D:3      | Reached XP level 5. HP: 40/48 MP: 4/4
  2094 | D:3      | Noticed an ice beast
  2107 | D:3      | Killed an ice beast
  2431 | D:3      | Reached skill level 6 in Maces & Flails
  2431 | D:3      | Reached XP level 6. HP: 56/56 MP: 5/5
  2566 | D:3      | Reached *** piety under Trog
  2680 | D:3      | HP: 2/56 [gnoll shaman/+0 whip (3)]
  2681 | D:3      | Succumbed to a gnoll's poison

Illustrated notes

Levels and vault maps discovered:
D:1:      tarquinn_simple_flora_water_f, layout_loops_cross
D:2:      minmay_inner_zag, layout_rooms, makhleb_altar_promises_db,
          nemelex_altar_shiori
D:3:      minmay_recursive_quarters, layout_loops_cross, lemuel_crystal_altar,
          first_ration, minmay_cut_off
D:4:      layout_rooms

Skill      XL: |  1  2  3  4  5 |
---------------+----------------+-----
Maces & Flails | 4 5 6 |  6.2
Fighting       | 4 5 |  5.3
Armour         | 3 |  3.5
Dodging        | 3 |  3.3
Stealth        | |  0.3

Action                   |  1- 3 |  4- 6 || total
-------------------------+-------+-------++-------
Melee: Mace              |    60 |    73 ||   133
       Headbutt          |    10 |    16 ||    26
Invok: Berserk           |     1 |     4 ||     5
  Use: Scroll            |     1 |     3 ||     4
       Potion            |       |     2 ||     2
  Eat: Chunk             |     2 |     8 ||    10
Armor: Animal skin       |    14 |       ||    14
       Ring mail         |     8 |    43 ||    51
Dodge: Dodged            |    48 |    87 ||   135
